[Event "ICC tourney 2530 (3 2)"]
[Site "Internet Chess Club"]
[Date "2021.04.23"]
[Round "5"]
[White "WILLIAM STONE, VINCENT:K09-15537233"]
[Black "XU, JAYDEN:K12-15918365"]
[Result "1-0"]
[ICCResult "Black forfeits on time"]
[WhiteElo "1400"]
[BlackElo "1400"]
[Opening "French: Winawer, advance, poisoned pawn variation"]
[ECO "C18"]
[NIC "FR.09"]
[Time "19:14:46"]
[PlyCount "73"]
[TimeControl "180+2"]

1. e4 e6 2. d4 d5 3. Nc3 Bb4 4. e5 Ne7 5. a3 Bxc3+ 6. bxc3 c5 7. Qg4 Qc7 8.
Qxg7 Rg8 9. Qxh7 cxd4 10. Qd3 Nbc6 11. f4 dxc3 12. Qxc3 d4 13. Qc5 Bd7 14.
Nf3 O-O-O 15. Nxd4 Nxd4 16. Qxd4 Bb5 17. Qb4 Bxf1 18. Kxf1 Nd5 19. Qe4 Nc3
20. Qf3 Rd1+ 21. Qxd1 Nxd1 22. Bd2 Qxc2 23. Rc1 Qxc1 24. Bxc1 Nc3 25. h4
Ne4 26. Rh3 Ng3+ 27. Kf2 Nf5 28. h5 Kd7 29. Kf3 Ke7 30. g4 Nd4+ 31. Ke4 Nc6
32. g5 Kf8 33. a4 Kg7 34. f5 exf5+ 35. Kxf5 Nd4+ 36. Ke4 Ne6 37. Rf3 {
Black forfeits on time } 1-0

[Event "ICC tourney 2530 (3 2)"]
[Site "Internet Chess Club"]
[Date "2021.04.23"]
[Round "5"]
[White "KUSHALNAGAR, NIRUPAM:K12-17349316"]
[Black "RODIC, ELLIOT:K09-16510635"]
[Result "1-0"]
[ICCResult "Black checkmated"]
[WhiteElo "1400"]
[BlackElo "1400"]
[Opening "Queen's pawn, Mason variation"]
[ECO "D00"]
[NIC "QP.08"]
[Time "19:14:56"]
[PlyCount "77"]
[TimeControl "180+2"]

1. d4 d5 2. Bf4 Bf5 3. e3 Nf6 4. Bd3 Bxd3 5. Qxd3 Nc6 6. c3 e6 7. Nf3 Bd6
8. Bg3 O-O 9. O-O Ne4 10. Nbd2 f5 11. Be5 Qe7 12. Rac1 Rac8 13. c4 b6 14.
cxd5 Nb4 15. Qb1 Nxd2 16. Nxd2 Bxe5 17. dxe5 Nxd5 18. Nf3 c5 19. a3 Qf7 20.
Qd3 Qg6 21. Rfd1 Rfd8 22. Qc4 h6 23. Qa6 Qf7 24. Qc4 Qe7 25. e4 fxe4 26.
Qxe4 Kh8 27. Nh4 Qf7 28. Qg4 Kh7 29. Nf3 Qf4 30. Qxe6 Qf8 31. Rxd5 Re8 32.
Qh3 Qf7 33. Ng5+ Kg6 34. Nxf7 Kxf7 35. Rd7+ Kg8 36. Qg4 g5 37. Qf5 Re6 38.
Qh7+ Kf8 39. Qh8# { Black checkmated } 1-0

[Event "ICC tourney 2530 (3 2)"]
[Site "Internet Chess Club"]
[Date "2021.04.23"]
[Round "5"]
[White "LAD, DALTON:K12-16754385"]
[Black "KANKEYAN, RISHEETH:K09-16597998"]
[Result "1-0"]
[ICCResult "Black forfeits on time"]
[WhiteElo "1400"]
[BlackElo "1400"]
[Opening "QGD: 3...Nf6"]
[ECO "D35"]
[NIC "QO.16"]
[Time "19:15:06"]
[PlyCount "51"]
[TimeControl "180+2"]

1. d4 Nf6 2. c4 d5 3. Nc3 e6 4. c5 b6 5. b4 Be7 6. Nf3 O-O 7. Bf4 Bb7 8. e3
a5 9. a3 Nbd7 10. Bb5 c6 11. Be2 axb4 12. axb4 bxc5 13. bxc5 Rxa1 14. Qxa1
Qa8 15. O-O Nh5 16. Rb1 Nxf4 17. exf4 Qxa1 18. Rxa1 Nf6 19. Ra7 Rb8 20. Ne5
Bf8 21. Na4 Ne4 22. Nb6 Bc8 23. Rc7 Bb7 24. Ned7 Rd8 25. Rxb7 Nc3 26. Bf3 {
Black forfeits on time } 1-0

[Event "ICC tourney 2530 (3 2)"]
[Site "Internet Chess Club"]
[Date "2021.04.23"]
[Round "5"]
[White "DAS, ROMIR:K09-17353705"]
[Black "LIU, CATHERINE:K09-15277304"]
[Result "1-0"]
[ICCResult "Black checkmated"]
[WhiteElo "1400"]
[BlackElo "1400"]
[Opening "Petrov three knights game"]
[ECO "C42"]
[NIC "RG.01"]
[Time "19:15:15"]
[PlyCount "127"]
[TimeControl "180+2"]

1. e4 e5 2. Nf3 Nf6 3. Nc3 Bc5 4. d3 d6 5. Be3 Bxe3 6. fxe3 Nbd7 7. Nd5
Nxd5 8. exd5 c6 9. e4 O-O 10. Be2 cxd5 11. exd5 Nf6 12. c4 a6 13. a4 b6 14.
O-O Qc7 15. Qd2 Bb7 16. d4 exd4 17. Qxd4 Rae8 18. Bd3 b5 19. axb5 axb5 20.
cxb5 Qe7 21. Rae1 Qd7 22. Rxe8 Rxe8 23. h3 Bxd5 24. Ng5 Be6 25. Nxe6 Qxe6
26. Bc4 Qe7 27. Kf2 h6 28. Re1 Qd7 29. Rxe8+ Qxe8 30. b6 Qb8 31. Bb3 Nd7
32. Qf4 Qxb6+ 33. Qe3 Qxb3 34. Qxb3 Nf6 35. Qb8+ Kh7 36. Qc7 d5 37. Qxf7 d4
38. Qe6 d3 39. Qd6 Ne4+ 40. Ke3 Nxd6 41. Kxd3 Kg6 42. Kd4 Nf5+ 43. Ke5 h5
44. b4 Ne7 45. Kd6 Kf7 46. b5 Nc8+ 47. Kd7 Na7 48. b6 Nb5 49. b7 Nd4 50.
b8=Q Ne6 51. Qb3 Kf6 52. Qxe6+ Kg5 53. Qe5+ Kh6 54. Qf4+ Kh7 55. Qf5+ g6
56. Qf7+ Kh6 57. g3 g5 58. Qf6+ Kh7 59. Ke7 Kg8 60. Qf7+ Kh8 61. Qxh5+ Kg7
62. Qf7+ Kh8 63. Kf8 g4 64. Qg7# { Black checkmated } 1-0

[Event "ICC tourney 2530 (3 2)"]
[Site "Internet Chess Club"]
[Date "2021.04.23"]
[Round "5"]
[White "GUO, JUNHUI:K09-30160929"]
[Black "ROSLIK NEVISTICH, LUCAS:K09-16541246"]
[Result "1-0"]
[ICCResult "Black checkmated"]
[WhiteElo "1400"]
[BlackElo "1469"]
[Opening "Queen's pawn: Charlick (Englund) gambit"]
[ECO "A40"]
[NIC "QO.17"]
[Time "19:14:59"]
[PlyCount "103"]
[TimeControl "180+2"]

1. d4 e5 2. dxe5 Nc6 3. Nf3 Qe7 4. Bf4 Qb4+ 5. Nc3 Qxf4 6. Nd5 Qa4 7. Nxc7+
Kd8 8. Nxa8 b6 9. e3 Bb7 10. Nxb6 axb6 11. Bd3 Nb4 12. O-O Nxd3 13. cxd3
Qxd1 14. Rfxd1 Bxf3 15. gxf3 f6 16. exf6 Nxf6 17. Rac1 Bd6 18. h3 Be5 19.
d4 Bd6 20. Rc2 Re8 21. Rdc1 Ke7 22. a3 Kf7 23. b4 Nd5 24. e4 Bf4 25. exd5
Bxc1 26. Rxc1 Ra8 27. Rc7 Ke8 28. Rb7 Rxa3 29. Rxb6 Rxf3 30. Rb8+ Ke7 31.
Rc8 Rxh3 32. b5 Rd3 33. b6 Rxd4 34. b7 Rb4 35. b8=Q Rxb8 36. Rxb8 Kd6 37.
Rg8 Kxd5 38. Rxg7 d6 39. Rxh7 Ke5 40. Kf1 d5 41. Ke2 Ke4 42. Kd2 d4 43. Rd7
Kf3 44. Rxd4 Kxf2 45. Re4 Kf3 46. Kd3 Kf2 47. Re3 Kg2 48. Ke2 Kh2 49. Rf3
Kg2 50. Re3 Kh2 51. Kf2 Kh1 52. Rh3# { Black checkmated } 1-0

[Event "ICC tourney 2530 (3 2)"]
[Site "Internet Chess Club"]
[Date "2021.04.23"]
[Round "5"]
[White "ETHAN CHONG, JOSHUA:K09-15110220"]
[Black "SILVA, JAVIER:K09-16089208"]
[Result "0-1"]
[ICCResult "White forfeits on time"]
[WhiteElo "1400"]
[BlackElo "1400"]
[Opening "QGD semi-Slav: Stoltz variation"]
[ECO "D45"]
[NIC "SL.08"]
[Time "19:14:46"]
[PlyCount "66"]
[TimeControl "180+2"]

1. d4 d5 2. c4 c6 3. Nc3 Nf6 4. e3 e6 5. Nf3 Nbd7 6. Qc2 Be7 7. Bd3 dxc4 8.
Bxc4 b5 9. Bb3 Bb7 10. O-O a6 11. e4 b4 12. Na4 c5 13. e5 Ne4 14. dxc5
Nexc5 15. Nxc5 Bxc5 16. Bg5 Qb6 17. Rfd1 Rc8 18. Ba4 Bc6 19. Bxc6 Qxc6 20.
Nd4 Bxd4 21. Qxc6 Bxf2+ 22. Kxf2 Rxc6 23. Rd4 f6 24. exf6 Nxf6 25. Bxf6
gxf6 26. Rxb4 Kf7 27. Rd1 Rc2+ 28. Kf3 Rc7 29. Rb6 Ra8 30. Rdd6 Re7 31. h4
a5 32. a4 f5 33. Kf4 Kf6 { White forfeits on time } 0-1

[Event "ICC tourney 2530 (3 2)"]
[Site "Internet Chess Club"]
[Date "2021.04.23"]
[Round "5"]
[White "WANG, OLLI:K09-17042860"]
[Black "KLEIN, ISAAC:K09-17334355"]
[Result "1-0"]
[ICCResult "Black checkmated"]
[WhiteElo "1400"]
[BlackElo "1259"]
[Opening "Danish gambit"]
[ECO "C21"]
[NIC "KP.04"]
[Time "19:14:52"]
[PlyCount "145"]
[TimeControl "180+2"]

1. e4 e5 2. d4 exd4 3. c3 dxc3 4. Nxc3 Bb4 5. Bc4 Qe7 6. Qd2 Bxc3 7. Qxc3
Qxe4+ 8. Ne2 f6 9. O-O d5 10. Bd3 Qe5 11. Qxe5+ fxe5 12. f3 Nf6 13. Ng3 O-O
14. b3 e4 15. fxe4 dxe4 16. Nxe4 Nxe4 17. Rxf8+ Kxf8 18. Bxe4 c6 19. b4 g6
20. Bf4 Bf5 21. Bf3 Kg7 22. b5 Bd7 23. Rd1 Be8 24. Rd8 Bf7 25. bxc6 bxc6
26. Rxb8 Rxb8 27. Bxb8 Bxa2 28. Bxc6 a6 29. Bc7 Kf7 30. Bb7 Bc4 31. Kf2 Ke7
32. Ke3 Kd7 33. Bf4 Bb5 34. Kd4 a5 35. Kc3 a4 36. Kb4 Bf1 37. Kxa4 Ke6 38.
Bb8 Kd7 39. Kb4 h5 40. Kc5 g5 41. Kd5 Ke7 42. Ke5 Bd3 43. Bd6+ Kf7 44. Bd5+
Kg6 45. Be7 Bf5 46. h3 g4 47. hxg4 hxg4 48. Bc5 Kg5 49. Be7+ Kg6 50. Kf4
Kg7 51. Kxf5 Kh6 52. Kxg4 Kg6 53. Bc5 Kf6 54. Bb3 Ke5 55. Ba3 Kf6 56. Kf4
Kg6 57. g4 Kg7 58. Bb2+ Kg6 59. Bc2+ Kh6 60. g5+ Kh5 61. Kf5 Kh4 62. Kf6
Kh5 63. g6 Kh6 64. Bc1+ Kh5 65. g7 Kh4 66. g8=Q Kh3 67. Qg5 Kh2 68. Bf4+
Kh1 69. Be3 Kh2 70. Qg4 Kh1 71. Be4+ Kh2 72. Bf5 Kh1 73. Qg1# { Black
checkmated } 1-0

[Event "ICC tourney 2530 (3 2)"]
[Site "Internet Chess Club"]
[Date "2021.04.23"]
[Round "5"]
[White "BENDRE, SOHAN ANUP:K12-14940058"]
[Black "MALLADI, SADKRITH:K09-15797710"]
[Result "1-0"]
[ICCResult "Black forfeits on time"]
[WhiteElo "1400"]
[BlackElo "1400"]
[Opening "Sicilian: accelerated fianchetto, modern variation"]
[ECO "B34"]
[NIC "SI.33"]
[Time "19:15:01"]
[PlyCount "73"]
[TimeControl "180+2"]

1. e4 c5 2. Nf3 Nc6 3. d4 cxd4 4. Nxd4 g6 5. Nc3 Bg7 6. Be3 Nf6 7. f3 O-O
8. Bc4 Qb6 9. Bb3 Nxe4 10. Nd5 Qa5+ 11. c3 Nf6 12. Nxc6 dxc6 13. Nxe7+ Kh8
14. Nxc8 Raxc8 15. O-O Rfe8 16. Bf4 Rcd8 17. Qc2 Nd5 18. Bxd5 Qxd5 19. Rad1
Qc5+ 20. Kh1 h5 21. Rxd8 Rxd8 22. Rd1 Rxd1+ 23. Qxd1 Qc4 24. Bg3 Qxa2 25.
Qc1 Kh7 26. h3 a5 27. Qc2 a4 28. Bd6 Qd5 29. Bf4 b5 30. Kh2 c5 31. Qe2 b4
32. cxb4 cxb4 33. Bd2 a3 34. Bxb4 axb2 35. Qc2 Qb5 36. Qb3 Be5+ 37. Kg1 {
Black forfeits on time } 1-0

[Event "ICC tourney 2530 (3 2)"]
[Site "Internet Chess Club"]
[Date "2021.04.23"]
[Round "5"]
[White "ALEXANDER MORGAN, CAMERON:K09-15934151"]
[Black "DARSI, AKHIL:K09-30155647"]
[Result "1-0"]
[ICCResult "Black checkmated"]
[WhiteElo "1400"]
[BlackElo "1400"]
[Opening "Ruy Lopez: Berlin defense"]
[ECO "C65"]
[NIC "RL.07"]
[Time "19:14:56"]
[PlyCount "107"]
[TimeControl "180+2"]

1. e4 e5 2. Nf3 Nc6 3. Bb5 Nf6 4. Bxc6 bxc6 5. Nc3 Bb4 6. Nxe5 Bxc3 7. dxc3
Nxe4 8. Qe2 d6 9. Qxe4 dxe5 10. Qxe5+ Qe7 11. Qxe7+ Kxe7 12. Kd2 Rd8+ 13.
Ke3 Ba6 14. Re1 Kd6 15. Rd1+ Ke7 16. Rxd8 Rxd8 17. Ke4 Ke6 18. Bf4 Rd2 19.
Bxd2 f5+ 20. Kf4 Kf6 21. Rd1 g5+ 22. Ke3 f4+ 23. Ke4 Ke6 24. Re1 Kf6 25.
Kd4 Kf5 26. Re7 h6 27. Rxc7 Bb5 28. Rxa7 g4 29. Rf7+ Kg5 30. Rg7+ Kf5 31.
Rf7+ Kg5 32. Bxf4+ Kh4 33. Bxh6 Kh5 34. Bf8 Kg5 35. f4+ Kh4 36. Be7+ Kh5
37. f5 g3 38. hxg3 Kg4 39. f6 Kxg3 40. Rg7+ Kf2 41. f7 Kg1 42. f8=Q Kh1 43.
Qh8+ Kg1 44. Ke5 Bc4 45. Bc5+ Kf1 46. g4 Kg2 47. Qf8 Bxa2 48. g5 Kg3 49. g6
Kg4 50. Qf5+ Kg3 51. Rh7 Kg2 52. Rh4 Kg3 53. Rg4+ Kh2 54. Qh5# { Black
checkmated } 1-0

[Event "ICC tourney 2530 (3 2)"]
[Site "Internet Chess Club"]
[Date "2021.04.23"]
[Round "5"]
[White "ADEWUMI, TANITOLUWA:K12-16649696"]
[Black "PARK, EVAN:K09-15748464"]
[Result "0-1"]
[ICCResult "White resigns"]
[WhiteElo "1400"]
[BlackElo "1400"]
[Opening "Queen's pawn: London system"]
[ECO "A45"]
[NIC "QP.07"]
[Time "19:15:37"]
[PlyCount "102"]
[TimeControl "180+2"]

1. d4 Nf6 2. Bf4 e6 3. e3 d5 4. Nf3 c5 5. Nc3 Nc6 6. Nb5 Bd7 7. Nc7+ Ke7 8.
Nxa8 Qxa8 9. Bb5 c4 10. Bxc6 Bxc6 11. O-O Ke8 12. c3 Be7 13. Ne5 Nd7 14. f3
Nxe5 15. Bxe5 f6 16. Bg3 Kf7 17. Qe2 b5 18. e4 dxe4 19. Rae1 e3 20. Qxe3
Bd5 21. f4 f5 22. Qd2 a5 23. Re5 Bf6 24. Rfe1 Bxe5 25. fxe5 h6 26. h4 Qd8
27. Rf1 g5 28. Qf2 Kg6 29. a3 Rg8 30. Qe2 gxh4 31. Bf4 Kh7 32. Rf2 Rg4 33.
Kh2 Qg8 34. Qf1 Qg6 35. Bd2 Be4 36. Bc1 Rg3 37. Bf4 Rg4 38. Bc1 Bd3 39. Qe1
Re4 40. Qd2 Qg3+ 41. Kg1 f4 42. Qd1 h3 43. Bd2 h2+ 44. Kh1 Qxf2 45. Qh5
Re1+ 46. Bxe1 Qxe1+ 47. Kxh2 Qg3+ 48. Kh1 Be4 49. Qe2 Bd5 50. Qc2+ Kg7 51.
Qd2 f3 { White resigns } 0-1

[Event "ICC tourney 2530 (3 2)"]
[Site "Internet Chess Club"]
[Date "2021.04.23"]
[Round "5"]
[White "BALAMURUGAN, ABHIJAY:K09-16913354"]
[Black "SHAH, ARSH:K09-17096480"]
[Result "0-1"]
[ICCResult "White resigns"]
[WhiteElo "1400"]
[BlackElo "1400"]
[Opening "Giuoco Piano"]
[ECO "C50"]
[NIC "IG.02"]
[Time "19:15:15"]
[PlyCount "120"]
[TimeControl "180+2"]

1. e4 e5 2. Nf3 Nc6 3. Bc4 Bc5 4. O-O Nf6 5. Nc3 d6 6. d3 h6 7. Be3 Bb6 8.
Bxb6 axb6 9. h3 O-O 10. Nh4 Nxe4 11. dxe4 Qxh4 12. Qf3 Nd4 13. Qd3 Be6 14.
Bxe6 fxe6 15. Ne2 Nxe2+ 16. Qxe2 Qf6 17. Qc4 Qe7 18. Rad1 Kh8 19. Rd3 Rf7
20. Rg3 Raf8 21. Qe2 Rf6 22. Qg4 Rf4 23. Qe2 Qf7 24. a3 Qd7 25. Qh5 Rxe4
26. Qg6 Ref4 27. f3 R4f6 28. Qg4 R8f7 29. Kf2 Qc6 30. c3 Qc5+ 31. Ke2 Rf4
32. Qg6 Qc4+ 33. Kf2 R4f6 34. Qc2 d5 35. Rg6 e4 36. Rxf6 Rxf6 37. Kg1 exf3
38. gxf3 Qc5+ 39. Rf2 Rf7 40. Qg6 Qe7 41. Rg2 Rf6 42. Qd3 Qf7 43. Qc2 Rxf3
44. Qa4 Rf1+ 45. Kh2 Rf2 46. Qa8+ Kh7 47. Qxb7 Rxg2+ 48. Kxg2 e5 49. Qa6 e4
50. Qa4 Qf3+ 51. Kh2 e3 52. Qd4 e2 53. Qd2 Qf2+ 54. Kh1 e1=Q+ 55. Qxe1
Qxe1+ 56. Kg2 Qd2+ 57. Kf3 Qxb2 58. Kf4 Qxc3 59. Kf5 Qxa3 60. Kg4 d4 {
White resigns } 0-1

[Event "ICC tourney 2530 (3 2)"]
[Site "Internet Chess Club"]
[Date "2021.04.23"]
[Round "5"]
[White "RAJA, ABHINAV:K12-16290326"]
[Black "YANG, ANDREW:K09-16578406"]
[Result "1-0"]
[ICCResult "Black checkmated"]
[WhiteElo "1400"]
[BlackElo "1400"]
[Opening "Trompowsky attack (Ruth, Opocenský opening)"]
[ECO "A45"]
[NIC "QP.07"]
[Time "19:16:56"]
[PlyCount "113"]
[TimeControl "180+2"]

1. d4 Nf6 2. Bg5 h6 3. Bxf6 exf6 4. e4 Be7 5. Bc4 O-O 6. Nf3 d6 7. O-O Be6
8. Bxe6 fxe6 9. c3 e5 10. Qb3+ Kh8 11. Qxb7 Nd7 12. dxe5 Nxe5 13. Nxe5 dxe5
14. Qd5 Qxd5 15. exd5 Rfd8 16. Rd1 Rab8 17. b3 c6 18. c4 cxd5 19. cxd5 Rbc8
20. a4 Rc5 21. Na3 Rcxd5 22. Rxd5 Rxd5 23. Nb5 Rd7 24. f3 a5 25. Rc1 Bb4
26. Kf2 Kh7 27. Rc2 Rd2+ 28. Rxd2 Bxd2 29. Ke2 Bb4 30. Kd3 f5 31. Nc3 Kg6
32. Nd5 Kf7 33. Nxb4 axb4 34. Kc4 e4 35. fxe4 fxe4 36. Kxb4 e3 37. Kc3 e2
38. Kd2 Ke6 39. Kxe2 Kd5 40. Kf3 Kc5 41. Kg4 Kb4 42. Kf5 g5 43. Kg6 g4 44.
Kxh6 g3 45. hxg3 Kc5 46. g4 Kd6 47. g5 Ke7 48. g6 Kf8 49. a5 Kg8 50. a6 Kf8
51. a7 Ke7 52. a8=Q Kd7 53. Qa6 Kc7 54. g7 Kd7 55. g8=Q Ke7 56. Qg7+ Ke8
57. Qa8# { Black checkmated } 1-0

[Event "ICC tourney 2530 (3 2)"]
[Site "Internet Chess Club"]
[Date "2021.04.23"]
[Round "5"]
[White "MATHIYAZHAGAN, ASHRITH:K09-15357100"]
[Black "NATHAN, KAPIL:K12-15120535"]
[Result "0-1"]
[ICCResult "White checkmated"]
[WhiteElo "1400"]
[BlackElo "1400"]
[Opening "French: Tarrasch, open variation"]
[ECO "C07"]
[NIC "FR.18"]
[Time "19:14:54"]
[PlyCount "146"]
[TimeControl "180+2"]

1. e4 e6 2. d4 d5 3. Nd2 c5 4. c3 Nc6 5. exd5 exd5 6. Ndf3 Nf6 7. Bd3 Be7
8. Ne2 Bg4 9. Ne5 Nxe5 10. dxe5 Nd7 11. Bf4 Bg5 12. Bg3 O-O 13. O-O Re8 14.
f4 Bh6 15. Kh1 c4 16. Bc2 f6 17. h3 Bxe2 18. Qxe2 fxe5 19. fxe5 Qe7 20. Qf3
Nb6 21. Qf5 g6 22. Qg4 Qg5 23. Qxg5 Bxg5 24. Rae1 Re6 25. Re2 Rae8 26. b3
cxb3 27. Bxb3 Rc6 28. Be1 Kg7 29. Rf3 Rf8 30. Rxf8 Kxf8 31. e6 Ke7 32. h4
Bf6 33. Bd2 Nc8 34. Kg1 Rd6 35. Kf2 d4 36. c4 d3 37. Re3 Bd4 38. Bb4 Bxe3+
39. Kxe3 Kxe6 40. Bxd6 Kxd6 41. Kxd3 Kc5 42. a3 Nd6 43. Ba2 a5 44. Bb3 b5
45. cxb5 Kxb5 46. a4+ Kc5 47. Ke3 Kb4 48. Bd1 Nc4+ 49. Kd4 Nb2 50. Bc2 Nxa4
51. Bxa4 Kxa4 52. Kc4 Ka3 53. Kc3 Ka2 54. Kc2 a4 55. g4 h6 56. h5 g5 57.
Kc3 Kb1 58. Kb4 Kc2 59. Kxa4 Kd3 60. Kb5 Ke4 61. Kc5 Kf4 62. Kd5 Kxg4 63.
Ke4 Kxh5 64. Kf3 Kh4 65. Kg2 Kg4 66. Kh2 Kf3 67. Kh3 g4+ 68. Kh2 Kf2 69.
Kh1 h5 70. Kh2 g3+ 71. Kh1 g2+ 72. Kh2 g1=Q+ 73. Kh3 Qg3# { White
checkmated } 0-1

[Event "ICC tourney 2530 (3 2)"]
[Site "Internet Chess Club"]
[Date "2021.04.23"]
[Round "5"]
[White "GHOSH, SOUMIL:K09-16763016"]
[Black "SHETTY, DARSH:K09-16728985"]
[Result "1-0"]
[ICCResult "Black forfeits on time"]
[WhiteElo "1195"]
[BlackElo "1400"]
[Opening "KP: Indian opening"]
[ECO "C20"]
[NIC "KP.10"]
[Time "19:14:48"]
[PlyCount "157"]
[TimeControl "180+2"]

1. e4 e5 2. d3 Nf6 3. Be2 d5 4. exd5 Nxd5 5. Nf3 Nc6 6. h3 Be6 7. O-O Bc5
8. Bd2 O-O 9. Nc3 Nf6 10. a3 Qd7 11. Ng5 h6 12. Nxe6 Qxe6 13. Bg4 Nxg4 14.
Qxg4 Qxg4 15. hxg4 f5 16. gxf5 Rxf5 17. Nd5 Raf8 18. Nxc7 Rxf2 19. Rxf2
Rxf2 20. Kh2 Rxd2 21. Ne6 Be7 22. Rc1 Kf7 23. Nc7 Nd4 24. Rf1+ Bf6 25. Nd5
Rxc2 26. b4 Rd2 27. Nc3 Rxd3 28. Ne4 Rxa3 29. Nd6+ Ke6 30. Nxb7 Nc6 31. b5
Nd4 32. Rb1 Kd5 33. b6 axb6 34. Rxb6 Rb3 35. Rd6+ Kc4 36. Na5+ Kc5 37. Rd7
Rd3 38. Rc7+ Kb5 39. Nc4 Nc6 40. Nb2 Rb3 41. Rb7+ Kc5 42. Rxb3 Nd4 43. Rc3+
Kb4 44. Rc8 Kb3 45. Nd3 Ka4 46. Ra8+ Kb5 47. Rb8+ Kc4 48. Nb2+ Kd5 49. Kh3
Ke4 50. g4 Ne2 51. Rb4+ Kd5 52. Nd1 Nf4+ 53. Kg3 Bg5 54. Ne3+ Ke6 55. Nf5
Ne2+ 56. Kh3 Nf4+ 57. Kg3 Ne2+ 58. Kf3 Nd4+ 59. Nxd4+ exd4 60. Rxd4 Ke5 61.
Ra4 g6 62. Ra6 h5 63. Rxg6 hxg4+ 64. Kxg4 Bd8 65. Rg8 Bc7 66. Kg5 Kd6 67.
Kf6 Bb6 68. Rg6 Kc5 69. Ke5 Kb5 70. Kd5 Ka5 71. Kc6 Be3 72. Re6 Bd2 73. Kc5
Bb4+ 74. Kc4 Bd2 75. Re8 Bf4 76. Kc5 Ka4 77. Kc4 Bc7 78. Ra8+ Ba5 79. Rc8 {
Black forfeits on time } 1-0

[Event "ICC tourney 2530 (3 2)"]
[Site "Internet Chess Club"]
[Date "2021.04.23"]
[Round "5"]
[White "WISNIOWSKI, NATALIE:K09-15702390"]
[Black "KIM, LEO:K09-17247615"]
[Result "1-0"]
[ICCResult "Black checkmated"]
[WhiteElo "1400"]
[BlackElo "1400"]
[Opening "Dutch defense"]
[ECO "A81"]
[NIC "HD.12"]
[Time "19:14:53"]
[PlyCount "147"]
[TimeControl "180+2"]

1. d4 f5 2. g3 Nf6 3. Bg2 g6 4. b3 Bg7 5. Bb2 Nc6 6. Nf3 d5 7. c4 e6 8. O-O
O-O 9. Nc3 Re8 10. Rc1 b6 11. Ne5 Bb7 12. cxd5 exd5 13. Nxc6 Bxc6 14. e3
Qd7 15. Qc2 Rac8 16. Rfd1 Bb7 17. Qd2 Ne4 18. Nxe4 fxe4 19. Rc2 Rf8 20.
Rdc1 Rf6 21. Qd1 Bc6 22. Rc3 Rcf8 23. R1c2 b5 24. Qc1 Ba8 25. Rxc7 Qe6 26.
Rc8 Bb7 27. Rxf8+ Bxf8 28. Rc7 Rf7 29. Bf1 a6 30. a4 Rxc7 31. Qxc7 Qc6 32.
Qxc6 Bxc6 33. axb5 Bxb5 34. Bh3 Kf7 35. Kg2 Ke7 36. f3 Kd6 37. Ba3+ Kc6 38.
Bxf8 a5 39. Be6 Be2 40. fxe4 dxe4 41. d5+ Kc7 42. d6+ Kd8 43. Be7+ Ke8 44.
Bf6 Bb5 45. Bd5 Bd7 46. Bxe4 Kf7 47. Be7 Ke6 48. Bf3 Ke5 49. h3 Kf5 50.
Bg4+ Ke4 51. Bxd7 Kxe3 52. Ba4 Kd4 53. d7 Ke3 54. d8=Q Ke4 55. Bc6+ Ke5 56.
Qd6+ Kf5 57. Bd7+ Ke4 58. Qe6+ Kd3 59. Bb5+ Kd4 60. Qc4+ Ke5 61. Bf6+ Kxf6
62. Qc3+ Ke6 63. Qxa5 Kd5 64. Bc4+ Ke4 65. b4 Kd4 66. b5 Kxc4 67. b6 Kd3
68. b7 Kc2 69. b8=Q Kd3 70. Qe8 Kd4 71. Qad8+ Kc4 72. Qc6+ Kb3 73. Qb8+ Ka2
74. Qa6# { Black checkmated } 1-0

[Event "ICC tourney 2530 (3 2)"]
[Site "Internet Chess Club"]
[Date "2021.04.23"]
[Round "5"]
[White "EILEEN MILLER, ANNA:K09-16812002"]
[Black "WANG, LUCAS:K12-16797884"]
[Result "1-0"]
[ICCResult "Black checkmated"]
[WhiteElo "1400"]
[BlackElo "1400"]
[Opening "Four knights: Ranken variation"]
[ECO "C48"]
[NIC "KP.03"]
[Time "19:15:15"]
[PlyCount "169"]
[TimeControl "180+2"]

1. e4 e5 2. Nf3 Nc6 3. Bb5 Nf6 4. Nc3 a6 5. Bxc6 dxc6 6. Nxe5 Qe7 7. d4 g6
8. h3 Bg7 9. Nf3 Nxe4 10. Nxe4 Qxe4+ 11. Be3 O-O 12. O-O Qe6 13. Re1 Qf6
14. Bg5 Qd6 15. Be7 Qd7 16. Bxf8 Bxf8 17. Ne5 Qf5 18. Nf3 Qf6 19. c3 Bf5
20. Qd2 b5 21. Qg5 Qd6 22. Nh4 Qd7 23. Nxf5 Qxf5 24. Qxf5 gxf5 25. Re5 Bd6
26. Rxf5 Re8 27. g3 Re2 28. b4 Rc2 29. Rf3 Be7 30. Re1 Bd6 31. a3 Bf8 32.
Re8 Kg7 33. Ra8 Bd6 34. Rxa6 Rc1+ 35. Kg2 Ra1 36. Rf4 Bxf4 37. gxf4 Ra2 38.
Rxc6 Ra1 39. Rxc7 Rxa3 40. d5 Ra8 41. d6 Rd8 42. c4 bxc4 43. b5 Rxd6 44.
Rxc4 Rb6 45. Rb4 Kf6 46. Kf3 Ke6 47. Ke4 Kd6 48. Kd4 Kc7 49. Kc5 Kb7 50. f3
Kc7 51. h4 f5 52. h5 h6 53. Rb3 Kb7 54. Rb4 Kc7 55. Rb3 Kb7 56. Re3 Kc7 57.
Re7+ Kd8 58. Kxb6 Kxe7 59. Kc7 Kf6 60. b6 Ke6 61. b7 Kd5 62. b8=Q Kd4 63.
Qb6+ Kd3 64. Kc6 Ke2 65. Qb4 Kxf3 66. Qd4 Kg4 67. Qd1+ Kxf4 68. Kd6 Kg5 69.
Qd2+ Kxh5 70. Qh2+ Kg5 71. Ke6 h5 72. Qg2+ Kf4 73. Qf2+ Kg4 74. Qg2+ Kf4
75. Qd2+ Kg4 76. Qd4+ Kg5 77. Qe5 Kg4 78. Qxf5+ Kh4 79. Ke5 Kg3 80. Qf4+
Kh3 81. Qg5 h4 82. Kf4 Kh2 83. Kf3 Kh3 84. Qg4+ Kh2 85. Qg2# { Black
checkmated } 1-0

[Event "ICC tourney 2530 (3 2)"]
[Site "Internet Chess Club"]
[Date "2021.04.23"]
[Round "5"]
[White "KUMAR TIBREWAL, AYUSH:K12-14952527"]
[Black "ANANTHARAMAN, AASHISH:K09-15992442"]
[Result "1/2-1/2"]
[ICCResult "Game drawn because neither player has mating material"]
[WhiteElo "1400"]
[BlackElo "1400"]
[Opening "Caro-Kann defense"]
[ECO "B11"]
[NIC "CK.01"]
[Time "19:14:45"]
[PlyCount "158"]
[TimeControl "180+2"]

1. e4 c6 2. Nc3 d5 3. exd5 cxd5 4. Nf3 d4 5. Ne2 Nc6 6. c3 d3 7. Nf4 Bf5 8.
Nd4 Nxd4 9. cxd4 Qxd4 10. Qf3 Qe4+ 11. Qxe4 Bxe4 12. Nxd3 Nf6 13. Nc5 Bc6
14. f3 e6 15. Nb3 Bb4 16. a3 Bd6 17. Be2 O-O 18. O-O Rac8 19. d3 Bd5 20.
Nd4 Bc5 21. Be3 e5 22. Nc2 Bb6 23. Bxb6 Rxc2 24. Bd1 Rxb2 25. Bxa7 Rc8 26.
Re1 Nd7 27. Ba4 Bc6 28. Bxc6 Rxc6 29. d4 b6 30. Rab1 Rcc2 31. Rxb2 Rxb2 32.
dxe5 Rd2 33. e6 fxe6 34. Rxe6 Rb2 35. a4 Kf7 36. Rd6 Ke7 37. Rc6 Ra2 38.
Bxb6 Rxa4 39. Bc5+ Nxc5 40. Rxc5 Ra1+ 41. Kf2 Ra2+ 42. Kg3 Kf6 43. Rc6+ Kf7
44. Kh4 Ra4+ 45. g4 g6 46. h3 Ra5 47. f4 Rd5 48. g5 Rd7 49. Kg4 Rd5 50.
Rc7+ Kg8 51. h4 Rd1 52. Rc8+ Kg7 53. Rc7+ Kg8 54. Rc3 Rg1+ 55. Rg3 Ra1 56.
h5 Ra6 57. hxg6 hxg6 58. Rh3 Kg7 59. Rh6 Ra4 60. Rh4 Rb4 61. Rh3 Rc4 62.
Rd3 Ra4 63. Rd7+ Kg8 64. Rd6 Kg7 65. Kg3 Ra3+ 66. Kh4 Ra1 67. Rd3 Rh1+ 68.
Kg3 Rg1+ 69. Kf2 Ra1 70. Rd7+ Kg8 71. Rd6 Kg7 72. Rd5 Ra2+ 73. Ke1 Ra4 74.
f5 Re4+ 75. Kd2 gxf5 76. Rxf5 Kg6 77. Rc5 Rg4 78. Ke3 Rxg5 79. Rxg5+ Kxg5 {
Game drawn because neither player has mating material } 1/2-1/2

[Event "ICC tourney 2530 (3 2)"]
[Site "Internet Chess Club"]
[Date "2021.04.23"]
[Round "6"]
[White "BALAKRISHNAN, NAVEEN:K09-15197624"]
[Black "BHARGAVA, ANISH:K09-17325854"]
[Result "1-0"]
[ICCResult "Black resigns"]
[WhiteElo "1400"]
[BlackElo "1400"]
[Opening "Ruy Lopez: Berlin defense"]
[ECO "C65"]
[NIC "RL.07"]
[Time "19:31:09"]
[PlyCount "35"]
[TimeControl "180+2"]

1. e4 e5 2. Nf3 Nc6 3. Bb5 Nf6 4. d3 Bb4+ 5. c3 d6 6. cxb4 Bg4 7. h3 a6 8.
Bxc6+ bxc6 9. hxg4 Rb8 10. Qa4 Rxb4 11. Qxb4 Nd7 12. Bg5 Nb8 13. Bxd8 Kxd8
14. Qxb8+ Kd7 15. Qxh8 Ke6 16. Rxh7 c5 17. Qe8+ Kf6 18. g5+ { Black resigns
} 1-0

[Event "ICC tourney 2530 (3 2)"]
[Site "Internet Chess Club"]
[Date "2021.04.23"]
[Round "6"]
[White "T FEDDERSEN, NICHOLAS:K09-17108237"]
[Black "WILLIAM STONE, VINCENT:K09-15537233"]
[Result "0-1"]
[ICCResult "White resigns"]
[WhiteElo "1400"]
[BlackElo "1400"]
[Opening "Sicilian defense"]
[ECO "B40"]
[NIC "SI.43"]
[Time "19:31:16"]
[PlyCount "35"]
[TimeControl "180+2"]

1. e4 c5 2. Nf3 e6 3. d3 Nc6 4. g3 d5 5. Nbd2 Nf6 6. Bg2 Be7 7. c3 Rb8 8.
O-O b5 9. a4 b4 10. cxb4 Nxb4 11. Nb3 Nxd3 12. exd5 Nxc1 13. Rxc1 Qxd5 14.
Qxd5 Nxd5 15. Nxc5 O-O 16. Rc2 Bxc5 17. Rxc5 Rxb2 18. Rc7 { White resigns }
0-1